 Dungeon Crawl Stone Soup version 0.30-b1-2-g02819fbbbe (webtiles) character file.

Game seed: 16893820170640680003

653 ProbSom1Imp the Slasher (level 7, -2/42 HPs)
             Began as a Tengu Reaver on June 16, 2023.
             Was a Follower of Okawaru.
             Slain by a killer bee (6 damage)
             ... on level 7 of the Dungeon.
             The game lasted 00:42:13 (4390 turns).

ProbSom1Imp the Slasher (Tengu Reaver)              Turns: 4390, Time: 00:42:13

Health: -2/42      AC: 11    Str: 12    XL:     7   Next: 54%
Magic:  8/11       EV: 10    Int: 13    God:    Okawaru [*.....]
Gold:   216        SH:  5    Dex: 15    Spells: 9/10 levels left

rFire   . . .        a - +0 falchion (drain)
rCold   . . .        i - +0 buckler
rNeg    . . .        p - +0 chain mail
rPois   .            (helmet restricted)
rElec   .            (no cloak)
rCorr   .            (no gloves)
SInv    +            (boots unavailable)
Will    .....        d - amulet of regeneration Stlth
                     o - +4 ring of slaying
HPRegen 1.07/turn    r - ring of see invisible
MPRegen 0.12/turn

%: no passive effects
@: lethally poisoned (-2 -> -5), heroic, flying quickly and evasively, quick
A: beak, talons 3, nimble flight
a: Renounce Religion, Heroism


You were on level 7 of the Dungeon.
You worshipped Okawaru.
Okawaru was aware of your devotion.
You visited 1 branch of the dungeon, and saw 7 of its levels.

You collected 216 gold pieces.

Inventory:

Hand Weapons
 a - a +0 falchion of draining (weapon)
 c - a +0 club
 k - a +0 spear
 s - a +0 halberd
 x - a +0 short sword of freezing
Missiles
 g - a javelin (quivered)
 y - a throwing net
Armour
 b - a +0 leather armour
 i - a +0 buckler (worn)
 l - a +0 cloak
 p - a +0 chain mail (worn)
Jewellery
 d - an amulet of regeneration (around neck)
 o - a +4 ring of slaying (left hand)
 r - a ring of see invisible (right hand)
Scrolls
 e - 2 scrolls of teleportation
 f - 3 scrolls of immolation
 m - a scroll of noise
 n - a scroll of identify
 t - a scroll of fog {unknown}
 u - a scroll of poison {unknown}
 v - 2 scrolls of fear {unknown}
 A - a scroll of blinking {unknown}
Potions
 h - a potion of haste {unknown}
 j - a potion of curing
 q - a potion of ambrosia
 w - a potion of berserk rage {unknown}
 z - a potion of magic {unknown}


   Skills:
 + Level 3.9(8.9) Fighting
 + Level 6.6(11.6) Long Blades
 + Level 3.4(8.4) Armour
 + Level 2.9(7.9) Dodging
 + Level 0.5(5.5) Stealth
 + Level 0.2(5.2) Shields
 + Level 2.2 Spellcasting
 + Level 4.4 Conjurations
 + Level 0.4 Necromancy
 + Level 1.1 Invocations


You had 9 spell levels left.
You knew the following spells:

 Your Spells              Type           Power      Damage    Failure   Level
a - Kiss of Death         Conj/Necr      28%        2d7       88%         1

Your spell library contained the following spells:

 Spells                   Type           Power      Damage    Failure   Level
 Magic Dart               Conj           52%        1d5       63%         1
 Momentum Strike          Conj/Tloc      14%        3d8       97%         2
 Hailstorm                Conj/Ice       7%         3d4       99%         3
 Mephitic Cloud           Conj/Pois/Air  5%         N/A       100%        3
 Orb of Destruction       Conj           6%         9d6       100%        7
 Call Imp                 Summ           Unusable   N/A       N/A         2
 Summon Guardian Golem    Hex/Summ       Unusable   N/A       N/A         3
 Spellforged Servitor     Conj/Summ      Unusable   N/A       N/A         7

Dungeon Overview and Level Annotations

Branches:
Dungeon (8/15)
 Temple: D:4-7         Lair: D:8-11

Altars:
Okawaru
Xom

Annotations:
D:3 2 transporters, HumbleHazard's ghost, amateur HOFi


Innate Abilities, Weirdness & Mutations

You have a beak for a mouth.
You have claws for feet.
Your magical nature lets you fly swiftly and evasively.


Message History

You completely miss the killer bee. Your kick misses the killer bee.
The killer bee is almost dead.
You block the killer bee's attack. The killer bee stings you.
You block the killer bee's attack.
The killer bee stings you but does no damage.
The killer bee stings you.
You are poisoned.
The killer bee poisons you!
The killer bee stings you but does no damage.
The killer bee closely misses you. You block the killer bee's attack.
You completely miss the killer bee.
You feel sick. You block the killer bee's attack. The killer bee misses you.
The killer bee barely misses you. The killer bee closely misses you.
You closely miss the killer bee. You claw the killer bee.
You kill the killer bee!
Okawaru accepts your kill.
You feel sick.
The killer bee stings you. x2; The killer bee misses you.
You block the killer bee's attack. The killer bee barely misses you. x2
You slash the killer bee! Your kick misses the killer bee.
The killer bee is almost dead.
You feel sick. You block the killer bee's attack. The killer bee stings you.
You are more poisoned.
The killer bee poisons you! The killer bee closely misses you.
The killer bee stings you but does no damage.
The killer bee misses you. The killer bee stings you.
* * * LOW HITPOINT WARNING * * *
Throw: 2 javelins
Press: ? - help, Q - select action, (/) - cycle Shift-Dir - straight line, f/p - killer bee
Aim: a killer bee (47% to hit)
You throw a javelin.
The javelin pierces through the killer bee!
The killer bee is severely wounded.
You feel very sick. The killer bee stings you.
* * * LOW HITPOINT WARNING * * *
The killer bee stings you but does no damage.
The killer bee closely misses you.
The killer bee stings you but does no damage.
The killer bee stings you.
You die...

#+#( .... # .$... #.#
...... #...###
.!.....
#....#########.......
#...#....†y.......
###.....)@y.......
##......y##..####
###..#..(.......
##.....#......
###..>.......
#####.##### ... ###


You could see 3 killer bees.

Vanquished Creatures
  2 scorpions
  2 killer bees (D:7)
  A jelly (D:7)
  3 hounds
  An orc priest (D:4)
  3 iguanas
  7 adders
  6 gnolls
  3 worms
  2 dart slugs
  11 orcs
  7 ball pythons
  5 bats
  11 endoplasms
  2 giant cockroaches (D:1)
  4 goblins
  7 hobgoblins
  13 kobolds
  A quokka (D:1)
  6 frilled lizards
  5 rats
102 creatures vanquished.

Vanquished Creatures (others)
  An ogre (D:4)
  An orc priest (D:4)
  An iguana (D:4)
  6 plants (D:3)
9 creatures vanquished.

Grand Total: 111 creatures vanquished

Notes
Turn   | Place    | Note
-------+----------+-------------------------------------------
     0 | D:1      | ProbSom1Imp the Tengu Reaver began the quest for the Orb.
     0 | D:1      | Reached XP level 1. HP: 12/12 MP: 4/4
    89 | D:1      | Reached XP level 2. HP: 15/17 MP: 6/6
   146 | D:1      | Found a faded altar of an unknown god.
   172 | D:1      | Prayed at the altar of an unknown god.
   172 | D:1      | Became a worshipper of Warmaster Okawaru
   172 | D:1      | Reached * piety under Okawaru
   363 | D:1      | Reached XP level 3. HP: 21/21 MP: 7/7
   771 | D:2      | Found a shimmering altar of Xom.
   876 | D:2      | Reached skill level 1 in Armour
  2063 | D:3      | Reached skill level 4 in Long Blades
  2063 | D:3      | Reached XP level 4. HP: 18/27 MP: 8/8
  2467 | D:3      | Gained mutation: Your magical nature lets you fly swiftly
                  | and evasively. [Tengu growth]
  2467 | D:3      | Reached XP level 5. HP: 18/32 MP: 9/9
  2634 | D:3      | Found a transporter.
  2671 | D:3      | Noticed HumbleHazard's ghost (amateur HOFi)
  3025 | D:3      | Found a transporter.
  3144 | D:4      | Reached skill level 5 in Long Blades
  3156 | D:4      | Reached XP level 6. HP: 34/37 MP: 10/10
  3382 | D:4      | Found a shimmering altar of Xom.
  4258 | D:5      | Entered Level 5 of the Dungeon
  4281 | D:5      | Reached XP level 7. HP: 38/42 MP: 8/11
  4321 | D:5      | Reached skill level 6 in Long Blades
  4321 | D:5      | Reached skill level 1 in Invocations
  4321 | D:5      | You are sucked into a shaft and drop 3 floors!
  4324 | D:8      | Noticed a yak
  4325 | D:8      | Noticed a yak
  4325 | D:8      | Noticed a yak
  4390 | D:7      | Slain by a killer bee

Illustrated notes

Levels and vault maps discovered:
D:1:      amcnicky_arrival_underground_garden, layout_loops_ring,
          basic_ecumenical_altar
D:2:      layout_basic, basic_altar
D:3:      layout_loops_ring, gammafunk_ghost_gnarly_gnolls, serial_bayou_pond_d
D:4:      layout_rooms, xom_confusion_cloud
D:5:      layout_basic, minmay_temple_entry_mist, cheibrodos_sewer_entry_bend,
          wad_floor_pattern_untrapped
D:7:      layout_basic
D:8:      layout_cave_pools, serial_shops, shop

Skill      XL: |  1  2  3  4  5  6  7 |
---------------+----------------------+-----
Armour         | 1 2 3 |  3.4
Long Blades    | 4 5 6 |  6.6
Fighting       | 3 |  3.9
Invocations    | 1 |  1.1
Dodging        | |  2.9
Stealth        | |  0.5
Shields        | |  0.2
Spellcasting   | |  2.2
Conjurations   | |  4.4
Necromancy     | |  0.4

Action                     |  1- 3 |  4- 6 |  7- 9 || total
---------------------------+-------+-------+-------++-------
  Melee: Falchion          |    91 |   110 |    24 ||   225
         Kick              |    22 |    20 |     8 ||    50
         Peck              |    17 |    19 |     2 ||    38
  Throw: Javelin           |       |       |     5 ||     5
 Invoke: Heroism           |       |     7 |     2 ||     9
    Use: Scroll            |       |     5 |       ||     5
         Potion            |       |     4 |       ||     4
   Stab: Sleeping          |     1 |       |       ||     1
 Armour: Leather armour    |    17 |       |       ||    17
         Chain mail        |     3 |    36 |    26 ||    65
  Dodge: Dodged            |    53 |    30 |    31 ||   114
  Block: Buckler           |     3 |    10 |    20 ||    33
